[Event "GambitGuide"]
[Site "Internet Chess Club"]
[Date "2014.10.31"]
[Round "1"]
[White "JSBach"]
[Black "nsideurheadbro"]
[Result "1/2-1/2"]
[ICCResult "Game drawn because neither player has mating material"]
[WhiteElo "1790"]
[BlackElo "1184"]
[Opening "Vienna: `Frankenstein-Dracula' variation"]
[ECO "C27"]
[NIC "VG.02"]
[Time "17:39:04"]
[TimeControl "120+12"]

1. e4 e5 2. Nc3 Nf6 3. Bc4 Nxe4 4. Qh5 Nd6 5. Bb3 Nc6 6. Nb5 g6 7. Qf3 f5 8.
Qd5 Qe7 9. Nxc7+ Kd8 10. Nxa8 b6 11. d3 Bb7 12. Nxb6 axb6 13. Qf3 Nd4 14.
Qg3 f4 15. Qg4 g5 16. Bd2 h5 17. Qd1 Bxg2 18. c3 Nc6 19. Bd5 Bxd5 20. f3 g4
21. Qe2 Rg8 22. Qf2 Bh6 23. Qxb6+ Ke8 24. Qf2 e4 25. dxe4 Nxe4 26. Qe2 gxf3
27. Nxf3 Nxd2 28. Qxe7+ Kxe7 29. Kxd2 Bxf3 30. Rhe1+ Kf6 31. Kd3 Ne5+ 32.
Kd4 Bc6 33. Rxe5 f3 34. Rxh5 Bg7 35. Kd3 Kg6 36. Rc5 Rf8 37. b4 f2 38. b5
Bxb5+ 39. Rxb5 f1=Q+ 40. Rxf1 Rxf1 41. Rb7 Rf3+ 42. Ke2 Rxc3 43. Rxd7 Rc2+
44. Rd2 Rc3 45. a4 Ra3 46. a5 Rxa5 47. Rd6+ Bf6 48. Ke3 Ra3+ 49. Rd3 Ra2 50.
h3 Rh2 51. Ke4 Re2+ 52. Re3 Ra2 53. Kd3 Bg5 54. Rf3 Ra3+ 55. Ke4 Ra4+ 56.
Ke5 Rb4 57. Rg3 Ra4 58. Kd5 Rb4 59. Ke5 Ra4 60. Rf3 Rb4 61. Kd5 Ra4 62. Ke5
Rb4 63. Rg3 Kh5 64. Rf3 Kh4 65. Kf5 Bc1 66. Rc3 Rf4+ 67. Ke6 Bd2 68. Ke5 Ra4
69. Rf3 Be1 70. Rf4+ Rxf4 71. Kxf4 Kxh3
{Game drawn because neither player has mating material}
1/2-1/2

[Event "GambitGuide"]
[Site "Internet Chess Club"]
[Date "2014.10.31"]
[Round "1"]
[White "JSBach"]
[Black "FURCA"]
[Result "1-0"]
[ICCResult "Black resigns"]
[WhiteElo "1790"]
[BlackElo "1488"]
[Opening "Vienna: `Frankenstein-Dracula' variation"]
[ECO "C27"]
[NIC "VG.02"]
[Time "17:40:58"]
[TimeControl "120+12"]

1. e4 e5 2. Nc3 Nf6 3. Bc4 Nxe4 4. Qh5 Nd6 5. Bb3 Nc6 6. Nb5 g6 7. Qf3 f5 8.
Qd5 Qe7 9. Nxc7+ Kd8 10. Nxa8 b6 11. d3 Bb7 12. Nxb6 axb6 13. Qf3 e4 14.
dxe4 Nxe4 15. Be3 Kc7 16. Rd1 Na5 17. Rd3 Nc5 18. Qg3+ Kc8 19. Rd4 Bh6 20.
Kf1 Re8 21. Bd5 Ba6+ 22. Ke1 Ne6 23. Bxe6 Qxe6 24. Rd6 Qxa2 25. Qf3 Bb7 26.
Qg3 Qxb2 27. Rd2 Qc1+ 28. Rd1 Qxc2 29. Rd2 Qb1+ 30. Rd1 Qb4+ 31. Kf1 Ba6+
32. Ne2 Qb2 33. Rc1+ Kd8 34. Qh4+ Re7 35. Bxh6 Qxe2+ 36. Kg1 Ke8 37. f3 Nc4
38. Qf6 Rf7 39. Qh8+ Ke7 40. Bg5+ Ke6 41. Qe8+ {Black resigns} 1-0

[Event "GambitGuide"]
[Site "Internet Chess Club"]
[Date "2014.10.31"]
[Round "1"]
[White "JSBach"]
[Black "andyyang"]
[Result "1-0"]
[ICCResult "Black resigns"]
[WhiteElo "1790"]
[BlackElo "1782"]
[Opening "Vienna: `Frankenstein-Dracula' variation"]
[ECO "C27"]
[NIC "VG.02"]
[Time "17:44:34"]
[TimeControl "120+12"]

1. e4 e5 2. Nc3 Nf6 3. Bc4 Nxe4 4. Qh5 Nd6 5. Bb3 Nc6 6. Nb5 g6 7. Qf3 f5 8.
Qd5 Qe7 9. Nxc7+ Kd8 10. Nxa8 b6 11. d3 Nd4 12. h4 Bb7 13. Bg5 Bxd5 14.
Bxe7+ Bxe7 15. Nxb6 Bxg2 16. Rh2 Bc6 17. Nc4 Nxc4 18. dxc4 a5 19. c3 a4 20.
cxd4 axb3 21. dxe5 bxa2 22. Rxa2 Kc7 23. Ke2 d6 24. Ra7+ Kd8 25. e6 Bf6 26.
Ra6 Kc7 27. b4 Re8 28. Ra7+ Kb6 29. Rxh7 Rxe6+ 30. Kd3 Be4+ 31. Kd2 d5 32.
f3 Bb1 33. cxd5 Rd6 34. Rg2 Rxd5+ 35. Kc1 Bd3 36. Rxg6 Rd6 37. Rhh6 Rc6+ 38.
Kd2 f4 39. Rxf6 Rxf6 40. Rxf6+ {Black resigns} 1-0

[Event "GambitGuide"]
[Site "Internet Chess Club"]
[Date "2014.10.31"]
[Round "1"]
[White "JSBach"]
[Black "Koval"]
[Result "0-1"]
[ICCResult "White checkmated"]
[WhiteElo "1790"]
[BlackElo "1991"]
[Opening "Vienna: `Frankenstein-Dracula' variation"]
[ECO "C27"]
[NIC "VG.02"]
[Time "17:43:30"]
[TimeControl "120+12"]

1. e4 e5 2. Nc3 Nf6 3. Bc4 Nxe4 4. Qh5 Nd6 5. Bb3 Nc6 6. Nb5 g6 7. Qf3 f5 8.
Qd5 Qe7 9. Nxc7+ Kd8 10. Nxa8 b6 11. d3 Bb7 12. Nxb6 axb6 13. Qf3 Nd4 14.
Qg3 f4 15. Qg4 g5 16. Ba4 h5 17. Qd1 g4 18. Kf1 f3 19. gxf3 Nxf3 20. Be3 Nh4
21. Bxb6+ Ke8 22. f3 Nxf3 23. Ne2 Bh6 24. Ng3 h4 25. Ne2 Rf8 26. Bxd7+ Kxd7
27. Nf4 Rxf4 28. Bf2 Nf5 29. Qc1 h3 30. a4 Rxa4 31. Qd1 Rf4 32. Ra7 Kc8 33.
Qa1 Nd2+ 34. Ke1 Rxf2 35. Ra8+ Kd7 36. Ra7 Ke8 37. Rxb7 Qxb7 38. Qa4+ Kf8
39. Qa3+ Kg8 40. Qa2+ Kh8 41. Rg1 Qf3 42. Qa8+ Kh7 43. Qa7+ Bg7 44. Qxf2
Qxf2+ 45. Kxf2 Bh6 46. Rxg4 Be3+ 47. Ke2 Bf4 48. Rxf4 exf4 49. Kxd2 Kg6 50.
b4 Nd6 51. c4 Kf5 52. c5 Nb5 53. c6 Ke6 54. d4 Kd5 55. Kd3 Nc7 56. Ke2 Kxd4
57. Kf3 Ke5 58. Ke2 Ke4 59. Kf2 f3 60. Kg3 Ke3 61. Kxh3 f2 62. Kg2 Ke2 63.
h4 f1=Q+ 64. Kh2 Kf3 65. h5 Qg2# {White checkmated} 0-1

[Event "GambitGuide"]
[Site "Internet Chess Club"]
[Date "2014.10.31"]
[Round "1"]
[White "JSBach"]
[Black "TGRUN"]
[Result "1-0"]
[ICCResult "Black checkmated"]
[WhiteElo "1790"]
[BlackElo "1796"]
[Opening "Vienna: `Frankenstein-Dracula' variation"]
[ECO "C27"]
[NIC "VG.02"]
[Time "17:45:02"]
[TimeControl "120+12"]

1. e4 e5 2. Nc3 Nf6 3. Bc4 Nxe4 4. Qh5 Nd6 5. Bb3 Nc6 6. Nb5 g6 7. Qf3 f5 8.
Qd5 Qe7 9. Nxc7+ Kd8 10. Nxa8 b6 11. d3 Bb7 12. Nxb6 axb6 13. Qf3 e4 14.
dxe4 Nxe4 15. Ne2 Bg7 16. Qe3 Re8 17. Qxb6+ Kc8 18. O-O Be5 19. Rd1 d6 20.
f3 Nf6 21. Bc4 d5 22. Bxd5 Nxd5 23. Rxd5 Bd4+ 24. Rxd4 Qxe2 25. Bf4 Re7 26.
Rdd1 Ne5 27. Qd8# {Black checkmated} 1-0

[Event "GambitGuide"]
[Site "Internet Chess Club"]
[Date "2014.10.31"]
[Round "1"]
[White "JSBach"]
[Black "Propugnator"]
[Result "0-1"]
[ICCResult "White checkmated"]
[WhiteElo "1790"]
[BlackElo "1795"]
[Opening "Vienna: `Frankenstein-Dracula' variation"]
[ECO "C27"]
[NIC "VG.02"]
[Time "17:45:13"]
[TimeControl "120+12"]

1. e4 e5 2. Nc3 Nf6 3. Bc4 Nxe4 4. Qh5 Nd6 5. Bb3 Nc6 6. Nb5 g6 7. Qf3 f5 8.
Qd5 Qe7 9. Nxc7+ Kd8 10. Nxa8 b6 11. d3 Bb7 12. Nxb6 axb6 13. Qf3 Nd4 14.
Qh3 f4 15. Ba4 h5 16. Bd2 g5 17. f3 Bd5 18. O-O-O Be6 19. g4 h4 20. c3 b5
21. cxd4 bxa4 22. dxe5 Nb5 23. Kb1 a3 24. Rc1 axb2 25. Ba5+ Ke8 26. Rc8+ Kf7
27. a4 Qa3 28. Rxf8+ Rxf8 29. Kc2 Qa1 30. Ne2 Qxh1 31. Kxb2 Qd1 32. axb5
Qxe2+ 33. Ka3 Qxd3+ 34. Kb2 Qxb5+ 35. Kc2 Qxa5 36. Kd1 Qa1+ 37. Kd2 Qb2+ 38.
Kd3 Qf2 39. Kc3 Rc8+ 40. Kb4 Rc4+ 41. Ka3 Rc5 42. Ka4 Rc6 43. Qxh4 gxh4 44.
g5 Qb6 45. g6+ Ke7 46. h3 Rc5 47. Ka3 Ra5# {White checkmated} 0-1

[Event "GambitGuide"]
[Site "Internet Chess Club"]
[Date "2014.10.31"]
[Round "1"]
[White "JSBach"]
[Black "Dagnabit"]
[Result "1-0"]
[ICCResult "Black resigns"]
[WhiteElo "1790"]
[BlackElo "1333"]
[Opening "Vienna: `Frankenstein-Dracula' variation"]
[ECO "C27"]
[NIC "VG.02"]
[Time "17:44:02"]
[TimeControl "120+12"]

1. e4 e5 2. Nc3 Nf6 3. Bc4 Nxe4 4. Qh5 Nd6 5. Bb3 Nc6 6. Nb5 g6 7. Qf3 f5 8.
Qd5 Qe7 9. Nxc7+ Kd8 10. Nxa8 b6 11. d3 Nd4 12. f4 Bb7 13. Qxe5 Qxe5+ 14.
fxe5 N6b5 15. Bg5+ Kc8 16. Bf6 Rg8 17. Bxg8 Bxa8 18. Kf2 Bc5 19. Kg3 h5 20.
c3 Nc2 21. Rf1 Ne3 22. Rf2 Ng4 23. Re2 {Black resigns} 1-0

[Event "GambitGuide"]
[Site "Internet Chess Club"]
[Date "2014.10.31"]
[Round "1"]
[White "JSBach"]
[Black "andyyang"]
[Result "1-0"]
[ICCResult "Black resigns"]
[WhiteElo "1790"]
[BlackElo "1782"]
[Opening "Vienna: `Frankenstein-Dracula' variation"]
[ECO "C27"]
[NIC "VG.02"]
[Time "17:46:31"]
[TimeControl "120+12"]

1. e4 e5 2. Nc3 Nf6 3. Bc4 Nxe4 4. Qh5 Nd6 5. Bb3 Nc6 6. Nb5 g6 7. Qf3 f5 8.
Qd5 Qe7 9. Nxc7+ Kd8 10. Nxa8 b6 11. d3 Nd4 12. h4 f4 13. Kd2 Bb7 14. Nxb6
Bxd5 15. Nxd5 Qe8 16. Ke1 Bg7 17. Nc3 Qe7 18. Bd2 N6f5 19. Nd5 Qd6 20. c4
Bf6 21. Ba5+ Ke8 22. c5 Qa6 23. Nc7+ {Black resigns} 1-0

[Event "GambitGuide"]
[Site "Internet Chess Club"]
[Date "2014.10.31"]
[Round "1"]
[White "JSBach"]
[Black "nsideurheadbro"]
[Result "1-0"]
[ICCResult "Black resigns"]
[WhiteElo "1790"]
[BlackElo "1184"]
[Opening "Vienna: `Frankenstein-Dracula' variation"]
[ECO "C27"]
[NIC "VG.02"]
[Time "17:46:02"]
[TimeControl "120+12"]

1. e4 e5 2. Nc3 Nf6 3. Bc4 Nxe4 4. Qh5 Nd6 5. Bb3 Nc6 6. Nb5 g6 7. Qf3 f5 8.
Qd5 Qe7 9. Nxc7+ Kd8 10. Nxa8 b6 11. d3 Bb7 12. Nxb6 axb6 13. Qf3 Nd4 14.
Qg3 f4 15. Qg4 g5 16. Bd2 h5 17. Qd1 Bxg2 18. c3 Bxh1 19. cxd4 exd4+ 20. Qe2
Qf6 21. Nf3 g4 22. Qe5 Bg7 23. Qxf6+ Bxf6 24. Bxf4 Bxf3 25. Bxd6 Re8+ 26.
Kf1 Be2+ 27. Kg2 Bxd3 28. Bf7 Be4+ 29. Kg1 Rh8 30. Re1 d3 31. Rxe4 d2 32.
Bb3 Bxb2 33. Rb4 Bd4 34. Rxd4 {Black resigns} 1-0

[Event "GambitGuide"]
[Site "Internet Chess Club"]
[Date "2014.10.31"]
[Round "1"]
[White "JSBach"]
[Black "alico"]
[Result "1-0"]
[ICCResult "Black resigns"]
[WhiteElo "1790"]
[BlackElo "1233"]
[Opening "Vienna: `Frankenstein-Dracula' variation"]
[ECO "C27"]
[NIC "VG.02"]
[Time "17:47:42"]
[TimeControl "120+12"]

1. e4 e5 2. Nc3 Nf6 3. Bc4 Nxe4 4. Qh5 Nd6 5. Bb3 Nc6 6. Nb5 g6 7. Qf3 f5 8.
Qd5 Qe7 9. Nxc7+ Kd8 10. Nxa8 b6 11. d3 Nd4 12. h4 Nxb3 13. Qxb3 h5 14. Bg5
{Black resigns}
1-0

[Event "GambitGuide"]
[Site "Internet Chess Club"]
[Date "2014.10.31"]
[Round "1"]
[White "JSBach"]
[Black "andyyang"]
[Result "1-0"]
[ICCResult "Black resigns"]
[WhiteElo "1790"]
[BlackElo "1782"]
[Opening "Vienna: `Frankenstein-Dracula' variation"]
[ECO "C27"]
[NIC "VG.02"]
[Time "17:47:35"]
[TimeControl "120+12"]

1. e4 e5 2. Nc3 Nf6 3. Bc4 Nxe4 4. Qh5 Nd6 5. Bb3 Nc6 6. Nb5 g6 7. Qf3 f5 8.
Qd5 Qe7 9. Nxc7+ Kd8 10. Nxa8 b6 11. d3 Nd4 12. f4 exf4+ 13. Kd1 Bg7 14.
Bxf4 Bb7 15. Bxd6 Bxd5 16. Bxe7+ Kxe7 17. Bxd5 Kd6 18. c4 b5 19. a4 bxc4 20.
dxc4 Rc8 21. g3 Nb3 22. Ra3 Nc5 23. b4 Na6 24. Bb7 Rb8 25. Rd3+ Ke7 26. Re3+
Kd8 27. Bxa6 Rxa8 28. Ne2 Rb8 29. Bb5 {Black resigns} 1-0

[Event "GambitGuide"]
[Site "Internet Chess Club"]
[Date "2014.10.31"]
[Round "1"]
[White "JSBach"]
[Black "luckypawns"]
[Result "1-0"]
[ICCResult "Black resigns"]
[WhiteElo "1790"]
[BlackElo "1815"]
[Opening "Vienna: `Frankenstein-Dracula' variation"]
[ECO "C27"]
[NIC "VG.02"]
[Time "17:45:49"]
[TimeControl "120+12"]

1. e4 e5 2. Nc3 Nf6 3. Bc4 Nxe4 4. Qh5 Nd6 5. Bb3 Nc6 6. Nb5 g6 7. Qf3 f5 8.
Qd5 Qe7 9. Nxc7+ Kd8 10. Nxa8 b6 11. d3 Bb7 12. Nxb6 axb6 13. Qf3 Nd4 14.
Qg3 Bg7 15. Bg5 Bf6 16. Bxf6 Qxf6 17. Ba4 b5 18. Bb3 h5 19. f3 e4 20. dxe4
fxe4 21. O-O-O exf3 22. gxf3 Nxb3+ 23. axb3 Kc7 24. b4 h4 25. Qg4 g5 26. Rd4
Rf8 27. Rd3 Qf4+ 28. Qxf4 Rxf4 29. Rc3+ Kb6 30. Rd3 Kc6 31. Nh3 Rxb4 32.
Nxg5 Nc4 33. b3 Ne5 34. Re3 d6 35. Rf1 Kd5 36. Rd1+ Rd4 37. f4 Rxd1+ 38.
Kxd1 Ng4 39. Re2 Bc8 40. Nf3 h3 41. Ng5 Nf6 42. Re3 Nh5 43. Rd3+ Kc6 44.
Rc3+ Kd7 45. f5 Bb7 46. Rxh3 Nf4 47. Rh7+ Kc8 48. f6 Bd5 49. f7 Ng6 50. Rh8+
Kc7 51. Rg8 Bxf7 52. Nxf7 Ne5 53. Rg7 {Black resigns} 1-0

[Event "GambitGuide"]
[Site "Internet Chess Club"]
[Date "2014.10.31"]
[Round "1"]
[White "JSBach"]
[Black "fearlessone"]
[Result "0-1"]
[ICCResult "White checkmated"]
[WhiteElo "1790"]
[BlackElo "1812"]
[Opening "Vienna: `Frankenstein-Dracula' variation"]
[ECO "C27"]
[NIC "VG.02"]
[Time "17:47:10"]
[TimeControl "120+12"]

1. e4 e5 2. Nc3 Nf6 3. Bc4 Nxe4 4. Qh5 Nd6 5. Bb3 Nc6 6. Nb5 g6 7. Qf3 f5 8.
Qd5 Qe7 9. Nxc7+ Kd8 10. Nxa8 b6 11. d3 Bb7 12. Nxb6 axb6 13. Qf3 Nd4 14.
Qg3 Bg7 15. Bg5 Bf6 16. Bxf6 Qxf6 17. Ba4 b5 18. Bb3 Re8 19. c3 Nxb3 20.
axb3 e4 21. d4 f4 22. Qh3 e3 23. Nf3 exf2+ 24. Kxf2 Ne4+ 25. Kg1 Ng5 26.
Nxg5 Qxg5 27. Rf1 f3 28. g3 Re2 29. Rf2 Re1+ 30. Qf1 Qe3 31. h4 Rxf1+ 32.
Kh2 Qxf2+ 33. Kh3 Rxh1+ 34. Kg4 Rg1 35. Kf4 Qxg3+ 36. Ke3 f2+ 37. Kd2 Qf4+
38. Kd3 Be4+ 39. Ke2 f1=Q# {White checkmated} 0-1

[Event "GambitGuide"]
[Site "Internet Chess Club"]
[Date "2014.10.31"]
[Round "1"]
[White "JSBach"]
[Black "luckypawns"]
[Result "0-1"]
[ICCResult "White checkmated"]
[WhiteElo "1790"]
[BlackElo "1815"]
[Opening "Vienna: `Frankenstein-Dracula' variation"]
[ECO "C27"]
[NIC "VG.02"]
[Time "17:49:11"]
[TimeControl "120+12"]

1. e4 e5 2. Nc3 Nf6 3. Bc4 Nxe4 4. Qh5 Nd6 5. Bb3 Nc6 6. Nb5 g6 7. Qf3 f5 8.
Qd5 Qe7 9. Nxc7+ Kd8 10. Nxa8 b6 11. d3 Bb7 12. Nxb6 axb6 13. Qf3 Nd4 14.
Qh3 Bg7 15. Be3 h5 16. Ne2 g5 17. c3 g4 18. Qg3 f4 19. Nxf4 exf4 20. Qxf4
Rf8 21. Qg3 N4f5 22. Qf4 Bh6 23. Qb4 Bxe3 24. fxe3 Qxe3+ 25. Kd1 Bxg2 26. d4
Bxh1 27. Qxb6+ Ke7 28. Bd5 Bxd5 29. Rc1 Bf3+ 30. Kc2 Be4+ 31. Kb3 Bd5+ 32.
Kc2 Qe4+ 33. Kd1 Ne3+ 34. Ke1 Rf1+ 35. Ke2 Rxc1 36. Qxd6+ Kxd6 37. c4 Bxc4+
38. Kd2 Qd3+ 39. Kxc1 Qc2# {White checkmated} 0-1

[Event "GambitGuide"]
[Site "Internet Chess Club"]
[Date "2014.10.31"]
[Round "1"]
[White "JSBach"]
[Black "nsideurheadbro"]
[Result "1-0"]
[ICCResult "Black resigns"]
[WhiteElo "1790"]
[BlackElo "1184"]
[Opening "Vienna: `Frankenstein-Dracula' variation"]
[ECO "C27"]
[NIC "VG.02"]
[Time "17:48:41"]
[TimeControl "120+12"]

1. e4 e5 2. Nc3 Nf6 3. Bc4 Nxe4 4. Qh5 Nd6 5. Bb3 Nc6 6. Nb5 g6 7. Qf3 f5 8.
Qd5 Qe7 9. Nxc7+ Kd8 10. Nxa8 b6 11. d3 Bb7 12. Nxb6 axb6 13. Qf3 Nd4 14.
Qg3 f4 15. Qg4 g5 16. Ba4 h5 17. Qd1 Bxg2 18. c3 N4f5 19. Qb3 Kc7 20. Bxd7
Qxd7 21. Nf3 Bxh1 22. Nxe5 Qe7 23. d4 Bg7 24. Qb4 Bxe5 25. dxe5 Qxe5+ 26.
Kf1 Re8 27. Bd2 Bc6 28. Re1 Ne4 29. Kg1 g4 30. c4 Qd4 31. Bxf4+ Kb7 32. Re2
g3 33. Bxg3 Nexg3 34. Rxe8 Ne2+ 35. Rxe2 h4 36. Kf1 h3 37. Rd2 Qe4 38. Qf8
Ne3+ 39. fxe3 Qg2+ 40. Rxg2 hxg2+ 41. Kg1 {Black resigns} 1-0

[Event "GambitGuide"]
[Site "Internet Chess Club"]
[Date "2014.10.31"]
[Round "1"]
[White "JSBach"]
[Black "enfatico53"]
[Result "0-1"]
[ICCResult "White checkmated"]
[WhiteElo "1790"]
[BlackElo "1986"]
[Opening "Vienna: `Frankenstein-Dracula' variation"]
[ECO "C27"]
[NIC "VG.02"]
[Time "17:48:05"]
[TimeControl "120+12"]

1. e4 e5 2. Nc3 Nf6 3. Bc4 Nxe4 4. Qh5 Nd6 5. Bb3 Nc6 6. Nb5 g6 7. Qf3 f5 8.
Qd5 Qe7 9. Nxc7+ Kd8 10. Nxa8 b6 11. d3 Bb7 12. Nxb6 axb6 13. Qf3 Nd4 14.
Qg3 Bg7 15. Bg5 Bf6 16. Bxf6 Qxf6 17. Ba4 f4 18. Qg4 N6f5 19. c3 h5 20. Qh3
g5 21. cxd4 g4 22. Bc6 Bxc6 23. d5 Bxd5 24. Qxh5 Rxh5 25. Kf1 g3 26. h3 gxf2
27. Ne2 Ng3+ 28. Nxg3 fxg3 29. Rc1 Bxa2 30. Rc3 Qd6 31. d4 Qxd4 32. Ke2 Bc4+
33. Rxc4 Qxc4+ 34. Ke3 Rf5 35. h4 f1=Q 36. Rxf1 Rxf1 37. h5 Qd4+ 38. Ke2
Rf2+ 39. Ke1 Qd2# {White checkmated} 0-1

[Event "GambitGuide"]
[Site "Internet Chess Club"]
[Date "2014.10.31"]
[Round "1"]
[White "JSBach"]
[Black "Logic"]
[Result "1-0"]
[ICCResult "Black checkmated"]
[WhiteElo "1790"]
[BlackElo "1400"]
[Opening "Vienna: `Frankenstein-Dracula' variation"]
[ECO "C27"]
[NIC "VG.02"]
[Time "17:50:23"]
[TimeControl "120+12"]

1. e4 e5 2. Nc3 Nf6 3. Bc4 Nxe4 4. Qh5 Nd6 5. Bb3 Nc6 6. Nb5 g6 7. Qf3 f5 8.
Qd5 Qe7 9. Nxc7+ Kd8 10. Nxa8 b6 11. d3 Bb7 12. Nxb6 axb6 13. Qf3 Bg7 14.
Qg3 Kc8 15. Bg5 Qe8 16. Bd5 e4 17. Qxd6 h6 18. Be3 Be5 19. Qa3 Bc7 20. dxe4
f4 21. Bd2 g5 22. Bc3 Rf8 23. Bg7 Nd8 24. Qxf8 Qxf8 25. Bxb7+ Nxb7 26. Bxf8
Be5 27. c3 h5 28. Nf3 Bf6 29. e5 Bd8 30. Bh6 g4 31. Nd4 Nc5 32. O-O-O Ne4
33. Rdf1 g3 34. hxg3 fxg3 35. f3 Nc5 36. Rxh5 Nd3+ 37. Kc2 Kb7 38. Kxd3 Bc7
39. Bf4 Bd8 40. Rh7 Bc7 41. e6 Bxf4 42. e7 Bc7 43. e8=Q Bd8 44. Qxd7+ Bc7
45. Qxc7+ Ka8 46. Qb7# {Black checkmated} 1-0

[Event "GambitGuide"]
[Site "Internet Chess Club"]
[Date "2014.10.31"]
[Round "1"]
[White "JSBach"]
[Black "dutchking"]
[Result "1-0"]
[ICCResult "Black resigns"]
[WhiteElo "1790"]
[BlackElo "1370"]
[Opening "Vienna: `Frankenstein-Dracula' variation"]
[ECO "C27"]
[NIC "VG.02"]
[Time "17:51:01"]
[TimeControl "120+12"]

1. e4 e5 2. Nc3 Nf6 3. Bc4 Nxe4 4. Qh5 Nd6 5. Bb3 Nc6 6. Nb5 g6 7. Qf3 f5 8.
Qd5 Qe7 9. Nxc7+ Kd8 10. Nxa8 b6 11. d3 Bb7 12. Nxb6 axb6 13. Qf3 e4 14. Qe3
h5 15. Qxb6+ Kc8 16. Be3 f4 17. Bxf4 exd3+ 18. Be3 Bh6 19. cxd3 Nd4 20. Qxd4
{Black resigns}
1-0

[Event "GambitGuide"]
[Site "Internet Chess Club"]
[Date "2014.10.31"]
[Round "1"]
[White "JSBach"]
[Black "SacaSangre"]
[Result "0-1"]
[ICCResult "White checkmated"]
[WhiteElo "1790"]
[BlackElo "1400"]
[Opening "Vienna: `Frankenstein-Dracula' variation"]
[ECO "C27"]
[NIC "VG.02"]
[Time "17:46:08"]
[TimeControl "120+12"]

1. e4 e5 2. Nc3 Nf6 3. Bc4 Nxe4 4. Qh5 Nd6 5. Bb3 Nc6 6. Nb5 g6 7. Qf3 f5 8.
Qd5 Qe7 9. Nxc7+ Kd8 10. Nxa8 b6 11. d3 Bb7 12. Nxb6 axb6 13. Qf3 Nd4 14.
Qh3 Bg7 15. Be3 Bf6 16. Ne2 Nf7 17. c3 Nxb3 18. Bxb6+ Ke8 19. axb3 Ng5 20.
Qg3 Qd6 21. Be3 f4 22. Nxf4 exf4 23. Bxf4 Qe6+ 24. Kf1 Kf7 25. Bxg5 Bxg5 26.
Qxg5 Re8 27. Qf4+ Kg7 28. Qd4+ Kg8 29. Qc4 Bd5 30. Qxd5 Qxd5 31. Rd1 Qxb3
32. Rd2 Qe6 33. g4 Qe1+ 34. Kg2 Qxd2 35. Rb1 Qxd3 36. Ra1 Qe4+ 37. Kg3 Rf8
38. Rf1 Qf3+ 39. Kh4 g5+ 40. Kxg5 Qf6+ 41. Kh5 h6 42. f4 Qd6 43. g5 hxg5 44.
Kxg5 Qf6+ 45. Kg4 Qf5+ 46. Kg3 Rf7 47. h3 Rg7+ 48. Kf3 Qxh3+ 49. Ke2 Rg2+
50. Rf2 Rxf2+ 51. Kxf2 Kf7 52. b4 Qxc3 53. f5 Qxb4 54. Kg3 Kf6 55. Kh3 Kxf5
56. Kg3 d5 57. Kf2 Kf4 58. Kg1 Qb2 59. Kf1 Kf3 60. Ke1 Qe2# {White
checkmated} 0-1

[Event "GambitGuide"]
[Site "Internet Chess Club"]
[Date "2014.10.31"]
[Round "1"]
[White "JSBach"]
[Black "Dagnabit"]
[Result "1-0"]
[ICCResult "Black resigns"]
[WhiteElo "1790"]
[BlackElo "1333"]
[Opening "Vienna: `Frankenstein-Dracula' variation"]
[ECO "C27"]
[NIC "VG.02"]
[Time "17:47:51"]
[TimeControl "120+12"]

1. e4 e5 2. Nc3 Nf6 3. Bc4 Nxe4 4. Qh5 Nd6 5. Bb3 Nc6 6. Nb5 g6 7. Qf3 f5 8.
Qd5 Qe7 9. Nxc7+ Kd8 10. Nxa8 b6 11. d3 Bb7 12. Nxb6 axb6 13. Qf3 Nd4 14.
Qg3 Bg7 15. Bg5 Bf6 16. Bxf6 Qxf6 17. Ba4 Bc6 18. Bb3 f4 19. Qg4 h5 20. Qh3
g5 21. f3 Qg6 22. Kd1 g4 23. Qh4+ Kc7 24. Qf2 h4 25. Ne2 gxf3 26. Nxd4 exd4
27. gxf3 h3 28. Rg1 Qe8 29. Re1 Qf8 30. Re5 Nb5 31. a4 d6 32. Rxb5 Bxb5 33.
axb5 Qf5 34. Qxd4 Re8 35. Ra7+ {Black resigns} 1-0

[Event "GambitGuide"]
[Site "Internet Chess Club"]
[Date "2014.10.31"]
[Round "1"]
[White "JSBach"]
[Black "Smashandgrab"]
[Result "1-0"]
[ICCResult "Black resigns"]
[WhiteElo "1790"]
[BlackElo "1457"]
[Opening "Vienna: `Frankenstein-Dracula' variation"]
[ECO "C27"]
[NIC "VG.02"]
[Time "17:51:32"]
[TimeControl "120+12"]

1. e4 e5 2. Nc3 Nf6 3. Bc4 Nxe4 4. Qh5 Nd6 5. Bb3 Nc6 6. Nb5 g6 7. Qf3 f5 8.
Qd5 Qe7 9. Nxc7+ Kd8 10. Nxa8 b6 11. d3 Bg7 12. Ba4 Bb7 13. Nxb6 axb6 14.
Qb3 Kc7 15. Nf3 Nd4 16. Nxd4 exd4+ 17. Kf1 Qh4 18. Bd2 Qg4 19. f3 Bxf3 20.
gxf3 Qxf3+ 21. Kg1 f4 22. Re1 Qg4+ 23. Kf2 {Black resigns} 1-0

[Event "GambitGuide"]
[Site "Internet Chess Club"]
[Date "2014.10.31"]
[Round "1"]
[White "JSBach"]
[Black "StaggerLee"]
[Result "1-0"]
[ICCResult "Black resigns"]
[WhiteElo "1790"]
[BlackElo "1596"]
[Opening "Vienna: `Frankenstein-Dracula' variation"]
[ECO "C27"]
[NIC "VG.02"]
[Time "17:49:56"]
[TimeControl "120+12"]

1. e4 e5 2. Nc3 Nf6 3. Bc4 Nxe4 4. Qh5 Nd6 5. Bb3 Nc6 6. Nb5 g6 7. Qf3 f5 8.
Qd5 Qe7 9. Nxc7+ Kd8 10. Nxa8 b6 11. d3 Nd4 12. f4 Bb7 13. Qxe5 Nxb3 14.
axb3 Bxa8 15. Kf1 Bg7 16. Qxe7+ Kxe7 17. Rxa7 Bc6 18. b4 Nb5 19. Ra1 Nd4 20.
Ra6 Rb8 21. c4 Nc2 22. b5 Bb7 23. Ra7 Nd4 24. Be3 Nc2 25. Bxb6 Bxg2+ 26.
Kxg2 Rxb6 27. Ra6 Bd4 28. Rxb6 Bxb6 29. Nf3 Nd4 30. Nxd4 Bxd4 31. Re1+ Kd6
32. b4 Bc3 33. c5+ Kc7 34. b6+ Kb7 35. Re7 Bxb4 36. Rxd7+ Kc6 37. Rc7+ Kb5
38. b7 Bxc5 39. b8=Q+ {Black resigns} 1-0

[Event "GambitGuide"]
[Site "Internet Chess Club"]
[Date "2014.10.31"]
[Round "1"]
[White "JSBach"]
[Black "Smashandgrab"]
[Result "1-0"]
[ICCResult "Black resigns"]
[WhiteElo "1790"]
[BlackElo "1457"]
[Opening "Vienna: `Frankenstein-Dracula' variation"]
[ECO "C27"]
[NIC "VG.02"]
[Time "17:53:01"]
[TimeControl "120+12"]

1. e4 e5 2. Nc3 Nf6 3. Bc4 Nxe4 4. Qh5 Nd6 5. Bb3 Nc6 6. Nb5 g6 7. Qf3 f5 8.
Qd5 Qe7 9. Nxc7+ Kd8 10. Nxa8 b6 11. d3 Bg7 12. Ba4 Bb7 13. Nxb6 axb6 14.
Qb3 Kc7 15. Be3 Ba6 16. Qxb6+ {Black resigns} 1-0

[Event "GambitGuide"]
[Site "Internet Chess Club"]
[Date "2014.10.31"]
[Round "1"]
[White "JSBach"]
[Black "nsideurheadbro"]
[Result "1/2-1/2"]
[ICCResult "Game drawn by repetition"]
[WhiteElo "1790"]
[BlackElo "1184"]
[Opening "Vienna: `Frankenstein-Dracula' variation"]
[ECO "C27"]
[NIC "VG.02"]
[Time "17:51:58"]
[TimeControl "120+12"]

1. e4 e5 2. Nc3 Nf6 3. Bc4 Nxe4 4. Qh5 Nd6 5. Bb3 Nc6 6. Nb5 g6 7. Qf3 f5 8.
Qd5 Qe7 9. Nxc7+ Kd8 10. Nxa8 b6 11. d3 Bb7 12. Nxb6 axb6 13. Qf3 Nd4 14.
Qg3 f4 15. Qg4 g5 16. Bd2 h5 17. Qd1 Bxg2 18. Bd5 Bxd5 19. f3 g4 20. Qc1
Nxf3+ 21. Nxf3 Bxf3 22. Rf1 Bh6 23. Rf2 e4 24. Bxf4 exd3+ 25. Kf1 Bxf4 26.
Qxf4 Rf8 27. Qd4 dxc2 28. Qxb6+ Kc8 29. Rxc2+ Bc6+ 30. Kg1 Qe4 31. Qa6+ Kd8
32. Qa5+ Kc8 33. Qa8+ Kc7 34. Rxc6+ dxc6 35. Qxf8 Qe3+ 36. Qf2 Qe5 37. a4
Nc4 38. Qf7+ Kb6 39. Qxc4 Qe3+ 40. Kf1 Qf3+ 41. Kg1 Qe3+ 42. Kf1 Qf3+ 43.
Kg1 Qe3+ 44. Kf1 Qf3+ 45. Kg1 Qe3+ 46. Kf1 Qf3+ 47. Kg1 Qe3+ 48. Kf1 Qf3+
49. Kg1 Qe3+ 50. Kf1 Qf3+ 51. Kg1 Qe3+ 52. Kf1 {Game drawn by repetition}
1/2-1/2

[Event "GambitGuide"]
[Site "Internet Chess Club"]
[Date "2014.10.31"]
[Round "1"]
[White "JSBach"]
[Black "ElNino"]
[Result "1-0"]
[ICCResult "Black resigns"]
[WhiteElo "1790"]
[BlackElo "1227"]
[Opening "Vienna: `Frankenstein-Dracula' variation"]
[ECO "C27"]
[NIC "VG.02"]
[Time "17:55:29"]
[TimeControl "120+12"]

1. e4 e5 2. Nc3 Nf6 3. Bc4 Nxe4 4. Qh5 Nd6 5. Bb3 Nc6 6. Nb5 g6 7. Qf3 f5 8.
Qd5 Qe7 9. Nxc7+ Kd8 10. Nxa8 b6 11. d3 Bb7 12. Nxb6 axb6 13. Qf3 Na5 14.
Qg3 h6 15. Be3 f4 16. Bxb6+ Kc8 17. Qxg6 Rg8 18. Bxg8 {Black resigns} 1-0